 Dungeon Sprint DCSS version 0.27.1 (webtiles) character file.

Game seed: 15808469729173343996

4860 styxcanada the Imperceptible (level 10, -10/53 HPs)
             Began as a Spriggan Brigand on Aug 28, 2021.
             Was an Initiate of Gozag.
             Mangled by a spriggan rider (16 damage)
             ... in the Dungeon (Sprint IV: "Fedhas' Mad Dash").
             The game lasted 00:11:46 (1456 turns).

styxcanada the Imperceptible (Spriggan Brigand)     Turns: 1456, Time: 00:11:47

Health: -10/53     AC:  3    Str: 10    XL:     10   Next: 25%
Magic:  25/28      EV: 25    Int: 13    God:    Gozag
Gold:   1480       SH:  8    Dex: 20    Spells: 11/19 levels left

rFire    . . .     SeeInvis +   p - +4 dagger of Qazlal's Reproof {chaos, MP+9 Str+3}
rCold    . . .     Faith    .   d - +0 buckler
rNeg     . . .     Spirit   .   b - +0 robe
rPois    .         Reflect  .   (helmet restricted)
rElec    .         Harm     .   c - +0 cloak
rCorr    .         Rampage  .   (gloves unavailable)
Will     +....     NoTele   +   (boots unavailable)
Stlth    ++++++++..             l - amulet of invisibility {+Inv}
HPRegen  0.17/turn              (no ring)
MPRegen  0.21/turn              (no ring)

@: confusing by touch, gold aura, very slightly contaminated, invisible, very
quick
A: very small, no large weapons, unfitting armour, see invisible, speed 3
a: Renounce Religion, Evoke Invisibility, Potion Petition, Call Merchant, Bribe
Branch


You were in the Dungeon.
You worshipped Gozag.
Gozag was most pleased with you.
You visited 1 branch You collected 2166 gold pieces.
You spent 686 gold pieces at shops.

Inventory:

Hand Weapons
 a - a +2 dagger
 p - the +4 dagger of Qazlal's Reproof (weapon) {chaos, MP+9 Str+3}
   (You found it in the Dungeon)

   Each time it hits an enemy it has a different, random effect.
   Str:       It affects your strength (+3).
   MP:        It affects your magic capacity (+9).
Missiles
 e - 6 poisoned darts (quivered)
 m - a curare-tipped dart
 o - 25 stones
Armour
 b - a +0 robe (worn)
 c - a +0 cloak (worn)
 d - a +0 buckler (worn)
Jewellery
 l - the amulet of invisibility (around neck) {+Inv}
   (You found it in the Dungeon)

   [amulet of nothing]

   +Inv:      It lets you turn invisible.
 n - a ring of ice
Scrolls
 j - 3 scrolls of identify
 k - a scroll of blinking
Potions
 f - a potion of curing
 g - 2 potions of heal wounds
 h - a potion of haste
 i - 2 potions of magic


   Skills:
 * Level 6.3 Fighting
 + Level 5.0 Short Blades
 + Level 6.3 Throwing
 * Level 9.9 Dodging
 * Level 21.5 Stealth
 * Level 4.6 Shields
 * Level 5.3 Spellcasting
 * Level 5.3 Hexes
 * Level 5.6 Transmutations
 * Level 3.7 Air Magic
 * Level 4.1 Poison Magic
 * Level 11.0 Evocations


You had 11 spell levels left.
You knew the following spells:

 Your Spells              Type           Power      Damage    Failure   Level
a - Sting                 Tmut/Pois      64%        1d6       2%          1
b - Poisonous Vapours     Pois/Air       26%        N/A       6%          2
c - Slow                  Hex            17%        N/A       3%          2
d - Confusing Touch       Hex            17%        N/A       7%          3

Your spell library contained the following spells:

 Spells                   Type           Power      Damage    Failure   Level
 Freeze                   Ice            12%        1d4       22%         1
 Olgreb's Toxic Radiance  Pois           14%        N/A       36%         4
 Yara's Violent Unravell  Hex/Tmut       8%         3d5       52%         5
 Frozen Ramparts          Ice            6%         1d2       54%         3
 Hailstorm                Conj/Ice       3%         3d3       91%         4


Dungeon Overview and Level Annotations

Branches:
Dungeon (1/1)

Altars:
Cheibriados
Dithmenos
Elyvilon
Gozag
Hepliaklqana
Kikubaaqudgha
Makhleb
Nemelex Xobeh
Okawaru
Qazlal
Ru
Sif Muna
Trog
Uskayaw
Vehumet
Wu Jian
Xom
Yredelemnul
Zin
The Shining One
Beogh
Jiyva
Lugonu

Shops:
D =(*:[*


Innate Abilities, Weirdness & Mutations

You are very small and have problems with some larger weapons.
You are too small for most types of armour.
You have supernaturally acute eyesight. (SInv)
You cover ground extremely quickly. (Speed+++)


Message History

2 spriggans and a spriggan rider come into view.
A spriggan is wielding a +0 rapier of electrocution.
Found Gamyt's Antique Armour Emporium.
There is an open door here.
The helpless spriggan fails to defend itself.
You skewer the spriggan like a kebab!!!!
You burn the spriggan!
You kill the spriggan!
Your Evocations skill increases to level 11!
Found 7 gold pieces.
Found Deiczom's Assorted Antiques.
Found 9 gold pieces.
The spriggan rider hits you with a +0 spear!
The spriggan shouts!
You miss the spriggan. The spriggan closely misses you.
The spriggan rider closely misses you.
You hit the spriggan rider. You burn the spriggan rider.
The spriggan rider is lightly wounded.
The spriggan closely misses you.
You closely miss the spriggan rider.
The spriggan rider is lightly wounded.
The spriggan rider hits you with a +0 spear.
The spriggan hits you with a +0 rapier of electrocution!
You are electrocuted!
* * * LOW HITPOINT WARNING * * *
The spriggan rider hits you from afar with a +0 spear.
* * * LOW HITPOINT WARNING * * *
There is an open door here.
Cast which spell? (? or * to list)
Aiming: Slow (safe; 3% risk of failure)
Press: ? - help, Shift-Dir - straight line, f - spriggan
Aim: a spriggan, wielding a +0 rapier of electrocution and wearing a +0 robe (chance to affect: 21%)
Okay, then.
Casting: Slow (safe; 3% risk of failure)
Confirm with . or Enter, or press ? or * to list all spells.
Your hands begin to glow red.
You block the spriggan's attack. The spriggan rider misses you.
You closely miss the spriggan. You block the spriggan's attack.
The spriggan rider hits you from afar with a +0 spear!
You die...
Your body crumbles into a pile of gold.

####################
_.⌠.#.)'...#....##∩#
._..'..#...#!...'..##+#
_...#..###'##...##∩#$$####
._..#..##∩∩.'...#####....#
_.⌠.#################...∩#
#########......###.....♣
###.'.['.....[.'@ii.$♣..∩#
##..#..#.P.....###########
###.##+##.P....# '...#
######## #####


You could see a spriggan rider and a spriggan.

Vanquished Creatures
  A spriggan druid (D)
  6 oklob plants (D)
  A demonic crawler (D)
  3 wandering mushrooms (D)
  A queen bee (D)
  3 burning bushes (D)
  3 scorpions (D)
  4 killer bees (D)
  5 oklob saplings (D)
  3 spriggans (D)
  A river rat (D)
  A rat (D)
  A ballistomycete spore (D)
33 creatures vanquished.

Vanquished Creatures (others)
  2 fungi (D)
2 creatures vanquished.

Grand Total: 35 creatures vanquished

Notes
Turn   | Place    | Note
-------+----------+-------------------------------------------
     0 | D        | styxcanada the Spriggan Brigand began the quest for the
                  | Orb.
     0 | D        | Reached XP level 1. HP: 10/10 MP: 2/2
    24 | D        | Reached skill level 7 in Stealth
    24 | D        | Reached XP level 2. HP: 5/15 MP: 3/3
   323 | D        | Noticed an oklob sapling
   325 | D        | Killed an oklob sapling
   326 | D        | Reached skill level 9 in Stealth
   326 | D        | Reached XP level 3. HP: 18/18 MP: 4/4
   327 | D        | Noticed a scorpion
   327 | D        | Found the amulet of invisibility {+Inv}
   329 | D        | Killed a scorpion
   330 | D        | Reached skill level 11 in Stealth
   330 | D        | Reached XP level 4. HP: 23/23 MP: 5/5
   352 | D        | Found an opulent altar of Gozag.
   352 | D        | Found a hazy altar of Hepliaklqana.
   352 | D        | Found a burning altar of Makhleb.
   352 | D        | Found a sparkling altar of Nemelex Xobeh.
   352 | D        | Found a snail-covered altar of Cheibriados.
   352 | D        | Found a sacrificial altar of Ru.
   352 | D        | Found a shimmering blue altar of Sif Muna.
   352 | D        | Found a shimmering altar of Xom.
   352 | D        | Found a basalt altar of Yredelemnul.
   353 | D        | Found a viscous altar of Jiyva.
   353 | D        | Found a bloodstained altar of Trog.
   353 | D        | Found an ornate altar of the Wu Jian Council.
   354 | D        | Found an iron altar of Okawaru.
   354 | D        | Found a shadowy altar of Dithmenos.
   354 | D        | Found a glowing silver altar of Zin.
   355 | D        | Found an ancient bone altar of Kikubaaqudgha.
   355 | D        | Found a hide-covered altar of Uskayaw.
   356 | D        | Found a stormy altar of Qazlal.
   356 | D        | Found a white marble altar of Elyvilon.
   356 | D        | Found a glowing golden altar of the Shining One.
   357 | D        | Became a worshipper of Gozag Ym Sagoz the Greedy
   358 | D        | Found a corrupted altar of Lugonu.
   358 | D        | Found a radiant altar of Vehumet.
   362 | D        | Reached skill level 13 in Stealth
   362 | D        | Reached XP level 5. HP: 28/28 MP: 3/6
   506 | D        | Reached skill level 5 in Dodging
   506 | D        | Reached skill level 1 in Evocations
   527 | D        | Reached skill level 14 in Stealth
   575 | D        | Reached skill level 15 in Stealth
   575 | D        | Reached XP level 6. HP: 29/33 MP: 7/7
   631 | D        | Found Zoutejof's Weapon Shop.
   631 | D        | Found Nohuic's Jewellery Emporium.
   640 | D        | Noticed a burning bush
   640 | D        | Noticed a wandering mushroom
   641 | D        | Noticed a wandering mushroom
   645 | D        | Killed a wandering mushroom
   646 | D        | Reached skill level 16 in Stealth
   646 | D        | Reached skill level 1 in Shields
   646 | D        | Killed a wandering mushroom
   647 | D        | Reached skill level 5 in Throwing
   647 | D        | Reached skill level 17 in Stealth
   647 | D        | Reached skill level 5 in Evocations
   647 | D        | Reached XP level 7. HP: 38/38 MP: 5/8
   696 | D        | Killed a burning bush
   697 | D        | Reached skill level 18 in Stealth
   712 | D        | Found Hulis's General Store.
   713 | D        | Found Enuel's Book Emporium.
   720 | D        | Bought a potion of heal wounds for 55 gold pieces
   720 | D        | Bought a scroll of identify for 22 gold pieces
   720 | D        | Bought a potion of degeneration for 11 gold pieces
   733 | D        | Bought a Young Poisoner's Handbook for 260 gold pieces
   733 | D        | Bought a book of Misfortune for 338 gold pieces
   735 | D        | Learned a level 1 spell: Sting
   738 | D        | Learned a level 2 spell: Poisonous Vapours
   741 | D        | Learned a level 2 spell: Slow
   800 | D        | Reached skill level 5 in Fighting
  1064 | D        | Noticed a queen bee
  1071 | D        | Killed a queen bee
  1072 | D        | Reached skill level 1 in Spellcasting
  1072 | D        | Reached skill level 1 in Hexes
  1072 | D        | Reached skill level 1 in Transmutations
  1072 | D        | Reached skill level 1 in Poison Magic
  1072 | D        | Reached XP level 8. HP: 43/43 MP: 7/11
  1073 | D        | Reached skill level 1 in Air Magic
  1088 | D        | Noticed an oklob plant
  1092 | D        | Killed an oklob plant
  1093 | D        | Reached skill level 19 in Stealth
  1095 | D        | Identified the +2 leather armour of Tomorrow {rElec Regen+
                  | Str-3 Stlth+}
  1151 | D        | Noticed a burning bush
  1153 | D        | Identified the +4 dagger of Qazlal's Reproof {chaos, MP+9
                  | Str+3}
  1154 | D        | Killed a burning bush
  1219 | D        | Noticed a burning bush
  1219 | D        | Noticed an oklob plant
  1220 | D        | Noticed a wandering mushroom
  1221 | D        | Killed a burning bush
  1222 | D        | Reached XP level 9. HP: 47/47 MP: 15/15
  1226 | D        | Killed an oklob plant
  1227 | D        | Reached skill level 20 in Stealth
  1230 | D        | Killed a wandering mushroom
  1247 | D        | Learned a level 3 spell: Confusing Touch
  1261 | D        | Noticed a spriggan druid
  1263 | D        | Killed a spriggan druid
  1302 | D        | Noticed an oklob plant conjurer
  1303 | D        | Killed an oklob plant conjurer
  1304 | D        | Reached skill level 10 in Evocations
  1386 | D        | Noticed an oklob plant
  1386 | D        | Noticed an oklob plant summoner
  1387 | D        | Noticed an oklob plant shifter
  1391 | D        | Killed an oklob plant
  1392 | D        | Reached skill level 5 in Transmutations
  1392 | D        | Reached XP level 10. HP: 53/53 MP: 18/18
  1393 | D        | Killed an oklob plant summoner
  1394 | D        | Reached skill level 5 in Short Blades
  1394 | D        | Reached skill level 21 in Stealth
  1394 | D        | Reached skill level 5 in Spellcasting
  1394 | D        | Reached skill level 5 in Hexes
  1396 | D        | Killed an oklob plant shifter
  1440 | D        | Noticed a spriggan rider
  1441 | D        | Found Gamyt's Antique Armour Emporium.
  1445 | D        | Found Deiczom's Assorted Antiques.
  1456 | D        | Mangled by a spriggan rider

Illustrated notes

Levels and vault maps discovered:
D:        dungeon_sprint_fedhas [sprint_temple]

Skill      XL: |  1  2  3  4  5  6  7  8  9 10 |
---------------+-------------------------------+-----
Dodging        | 2 3 4 5 7 8 9 |  9.9
Stealth        | 7 9 11 13 15 17 18 19 20 21 | 21.5
Fighting       | 2 3 4 5 6 |  6.3
Throwing       | 3 4 5 6 |  6.3
Short Blades   | 3 4 5 |  5.0
Evocations     | 3 5 6 8 10 11 | 11.0
Shields        | 2 3 4 |  4.6
Spellcasting   | 1 3 4 5 |  5.3
Hexes          | 1 3 4 5 |  5.3
Transmutations | 1 3 5 |  5.6
Poison Magic   | 1 2 3 4 |  4.1
Air Magic      | 2 3 |  3.7

Action                   |  1- 3 |  4- 6 |  7- 9 | 10-12 || total
-------------------------+-------+-------+-------+-------++-------
Melee: Dagger            |     6 |     6 |    31 |     8 ||    51
Throw: Dart              |    10 |    11 |       |       ||    21
 Cast: Confusing Touch   |       |       |       |     1 ||     1
 Abil: Evoke Invisibilit |       |     3 |     7 |     1 ||    11
  Use: Potion            |       |       |     1 |       ||     1
 Stab: Sleeping          |     2 |     4 |    15 |     4 ||    25
       Invisible         |       |       |     3 |       ||     3
Dodge: Dodged            |     6 |     6 |     3 |     4 ||    19
Block: Buckler           |       |       |       |     2 ||     2
